 Dungeon Crawl Stone Soup version 0.26.0-57-g60708a5e39 (webtiles) character file.

Game seed: 6270809699957665142

63 kaeus the Insei (level 4, 0/29 HPs)
             Began as an Octopode Transmuter on Feb 1, 2021.
             Slain by an orc
             ... wielding a +0 flail
              (8 damage)
             ... on level 3 of the Dungeon.
             The game lasted 00:02:44 (1718 turns).

kaeus the Insei (Octopode Transmuter)               Turns: 1718, Time: 00:02:44

Health: 0/29       AC:  1    Str: 15    XL:     4   Next: 9%
Magic:  6/7        EV: 13    Int: 15    God:
Gold:   115        SH:  0    Dex: 13    Spells: 3/7 levels left

rFire    . . .     SeeInvis .     - Unarmed
rCold    . . .     Faith    .   (no shield)
rNeg     . . .     Spirit   .   (helmet currently unavailable)
rPois    .         Reflect  .   e - amulet of inaccuracy (curse)
rElec    .         Harm     .   j - ring of resist corrosion
rCorr    +         Rampage  .   k - +6 ring of strength
Will     .....                  (no ring)
Stlth    ++........             (no ring)
HPRegen  0.09/turn              (no ring)
MPRegen  0.10/turn              (no ring)
                                (no ring)
                                (no ring)

@: appendages (expiring)
A: almost no armour, stealthy swim, amphibious, 8 rings, constrict 8, tentacle
spike 3, camouflage 1, gelatinous body 1
a: End Transformation


You were on level 3 of the Dungeon.
One of your tentacles had a temporary spike.
You visited 1 branch of the dungeon, and saw 3 of its levels.

You collected 115 gold pieces.

Inventory:

Jewellery
 e - a cursed amulet of inaccuracy (around mantle)
 j - a ring of resist corrosion (left tentacle)
 k - a +6 ring of strength (right tentacle)
Scrolls
 d - 2 scrolls of identify
 f - 2 scrolls of enchant armour {unknown}
 g - 2 scrolls of teleportation
 i - a scroll of enchant weapon {unknown}
Potions
 a - a potion of degeneration {unknown}
 b - a potion of heal wounds {unknown}
 c - a potion of invisibility {unknown}
 h - 2 potions of flight {unknown}
 l - a potion of curing {unknown}


   Skills:
 - Level 2.1 Fighting
 - Level 2.0 Dodging
 - Level 3.6 Unarmed Combat
 + Level 2.3 Spellcasting
 + Level 2.4 Transmutations
 + Level 1.2 Poison Magic


You had 3 spell levels left.
You knew the following spells:

 Your Spells              Type           Power        Failure   Level
a - Spider Form           Tmut/Pois      3%           30%         3
A - Beastly Appendage     Tmut           16%          9%          1

Your spell library contained the following spells:

 Spells                   Type           Power        Failure   Level
 Wereblood                Tmut           8%           12%         2
 Ice Form                 Ice/Tmut       5%           78%         4
 Blade Hands              Tmut           4%           92%         5


Dungeon Overview and Level Annotations

Branches:
Dungeon (3/15)

Altars:


Innate Abilities, Weirdness & Mutations

You cannot wear most types of armour.
You are very stealthy in the water. (Stealth+)
You are amphibious.
You can wear up to eight rings at the same time.
You can use your tentacles to constrict eight enemies at once.
Your skin changes colour to match your surroundings (Stealth+).
Your rubbery body absorbs attacks. (AC +1, EV +1)
One of your tentacles bears a large vicious spike.


Message History

The orc priest is lightly wounded.
A jackal comes into view.
The orc priest barely misses you. The orc barely misses you.
The orc hits you with a +0 flail.
You take 3 damage, and have 15/29 hp.
You tentacle-slap the orc priest. You grab the orc priest.
You pierce the orc priest.
You tentacle-slap the orc priest.
The orc priest is heavily wounded.
You constrict the orc priest.
A leopard gecko comes into view.
The jackal bites you.
A jackal comes into view.
The orc priest hits you with a +0 flail.
* * * LOW HITPOINT WARNING * * *
You take 7 damage, and have 8/29 hp.
MASSIVE DAMAGE!!
You tentacle-slap the orc priest.
You kill the orc priest!
A jackal comes into view.
The orc barely misses you. The orc hits you with a +0 flail!
You die...

......#.............##.
.......#................
...............###.#....
..............# #.#....
..............# #.+....
#.......##'######....
#....................
#..).................
#.hh@.....<..........
#.....o.o...............
.....#####l.............
..h. ##............. ..h
.###.###..... .. ..
.#....... . #. ##....#


You could see 2 orcs, a leopard gecko and 4 jackals.

Vanquished Creatures
  An orc priest (D:3)
  An adder (D:2)
  2 worms (D:2)
  A leopard gecko (D:3)
  A ball python (D:2)
  9 bats
  4 giant cockroaches
  7 goblins
  5 hobgoblins
  4 kobolds (D:1)
  A quokka (D:2)
  3 frilled lizards (D:1)
  6 rats
45 creatures vanquished.

Notes
Turn   | Place    | Note
-------+----------+-------------------------------------------
     0 | D:1      | kaeus the Octopode Transmuter began the quest for the Orb.
     0 | D:1      | Reached XP level 1. HP: 13/13 MP: 3/3
   232 | D:1      | Reached XP level 2. HP: 18/18 MP: 3/5
   638 | D:1      | Reached XP level 3. HP: 23/24 MP: 4/6
   672 | D:1      | Learned a level 3 spell: Spider Form
  1207 | D:2      | Reached skill level 1 in Poison Magic
  1414 | D:2      | Reached XP level 4. HP: 29/29 MP: 5/7
  1718 | D:3      | Slain by an orc

Illustrated notes

Levels and vault maps discovered:
D:1:      onia_arrival_mini_maze_b, layout_basic
D:2:      layout_rooms
D:3:      layout_basic, minmay_misc_feat_roman, kennysheep_generic_room_2

Skill      XL: |  1  2  3 |
---------------+----------+-----
Fighting       | 2 |  2.1
Poison Magic   | 1 |  1.2
Dodging        | |  2.0
Unarmed Combat | |  3.6
Spellcasting   | |  2.3
Transmutations | |  2.4

Action                   |  1- 3 |  4- 6 || total
-------------------------+-------+-------++-------
Melee: Unarmed           |    84 |    15 ||    99
       Constrict         |    23 |     5 ||    28
       Tentacles         |     9 |     1 ||    10
       Kick              |    10 |     4 ||    14
       Punch             |     4 |     1 ||     5
 Cast: Beastly Appendage |    18 |     4 ||    22
  Use: Scroll            |     2 |       ||     2
 Stab: Sleeping          |     3 |       ||     3
Armor: Skin              |    12 |     1 ||    13
Dodge: Dodged            |    67 |    14 ||    81
